 Dungeon Crawl Stone Soup version 0.25.1-1-g288607f5aa (webtiles) character file.

Game seed: 11654257135079530578

9738 Delamore the Basher (level 11, -9/60 HPs)
             Began as a Gargoyle Fighter on July 26, 2020.
             Was a High Priest of Okawaru.
             Mangled by an orc warrior
             ... wielding a +0 glaive
              (34 damage)
             ... in a bailey.
             The game lasted 00:11:07 (10325 turns).

Delamore the Basher (Gargoyle Fighter)             Turns: 10325, Time: 00:11:08

Health: -9/60      AC: 29    Str: 29    XL:     11   Next: 51%
Magic:  5/11       EV:  6    Int:  9    God:    Okawaru [*****.]
Gold:   414        SH: 13    Dex:  9    Spells: 8/10 levels left

rFire    . . .     SeeInvis +   a - +4 mace "Killer Klown's Bane" {protect, SInv}
rCold    + . .     Gourm    .   c - +0 kite shield
rNeg     + . .     Faith    .   A - +2 plate armour {rPois}
rPois    ∞         Spirit   .   (no helmet)
rElec    +         Reflect  .   (no cloak)
rCorr    .         Harm     .   o - +0 pair of gloves
MR       .....                  (no boots)
Stlth    ..........             D - amulet of the acrobat
HPRegen  0.20/turn              J - ring of protection from cold
MPRegen  0.12/turn              y - +6 ring of strength

@: protection aura
A: negative energy resistance 1, electricity resistance, unbreathing,
petrification resistance, rot immunity, AC +8
a: Heroism, Finesse, Renounce Religion


You were in a bailey.
You worshipped Okawaru.
Okawaru was extremely pleased with you.
You were not hungry.

You visited 1 branch of the dungeon, and saw 10 of its levels.
You also visited: Sewer and Bailey.

You collected 414 gold pieces.

Inventory:

Hand Weapons
 a - the +4 mace "Killer Klown's Bane" (weapon) {protect, SInv}
   (You found it on level 8 of the Dungeon)

   It grants its wielder temporary protection when it strikes (+7 to AC).
   It lets you see invisible.
Missiles
 H - 3 javelins (quivered)
Armour
 c - a +0 kite shield (worn)
 o - a +0 pair of gloves (worn)
 A - a +2 plate armour of poison resistance (worn)
 K - a +0 plate armour
Jewellery
 l - an uncursed ring of see invisible
 y - a +6 ring of strength (right hand)
 B - an uncursed amulet of guardian spirit
 D - an amulet of the acrobat (around neck)
 J - a ring of protection from cold (left hand)
Wands
 v - a wand of iceblast (5)
 z - a wand of acid (12)
Scrolls
 e - 2 scrolls of amnesia
 h - a scroll of magic mapping
 i - 2 scrolls of enchant armour
 j - 4 scrolls of remove curse
 k - 2 scrolls of fear
 p - 2 scrolls of immolation
 q - 7 scrolls of teleportation
 t - 2 scrolls of blinking
 F - a scroll of random uselessness
 I - a scroll of holy word
Potions
 d - a potion of might
 g - 7 potions of curing
 m - a potion of ambrosia
 n - 2 potions of stabbing {unknown}
 r - 3 potions of magic {unknown}
 s - a potion of haste {unknown}
 u - a potion of invisibility {unknown}
 w - 2 potions of degeneration
 x - a potion of mutation
 C - 2 potions of lignification {unknown}
 E - a potion of flight {unknown}
 G - a potion of resistance {unknown}
Comestibles
 b - 6 chunks of flesh
 f - 19 rations


   Skills:
 - Level 3.2 Fighting
 - Level 14.0 Maces & Flails
 - Level 3.2 Armour
 + Level 11.6 Shields


You had 8 spell levels left.
You knew the following spells:

 Your Spells              Type           Power        Failure   Level  Hunger
a - Song of Slaying       Chrm           #.......     100%        2    ###....

Your spell library contained the following spells:

 Spells                   Type           Power        Failure   Level  Hunger
 Infusion                 Chrm           #...         100%        1    ##.....
 Shroud of Golubria       Chrm/Tloc      #.....       100%        2    ###....
 Confusing Touch          Hex            #.......     100%        3    ####...
 Gell's Gravitas          Tloc           #.........   100%        3    ####...
 Ozocubu's Armour         Chrm/Ice       #.......     100%        3    ####...
 Spectral Weapon          Hex/Chrm       #.......     100%        3    ####...
 Cause Fear               Hex            #.........   100%        4    #####..
 Petrify                  Tmut/Erth      #.......     100%        4    #####..
 Metabolic Englaciation   Hex/Ice        #.........   100%        5    ######.
 Silence                  Hex/Air        #.........   100%        5    ######.
 Yara's Violent Unravell  Hex/Tmut       #.........   100%        5    ######.
 Discord                  Hex            #.........   100%        8    #######


Dungeon Overview and Level Annotations

Branches:
Dungeon (10/15)            Temple (0/1) D:6            Lair (0/6) D:9
  Sewer (visited)          Bailey (1/1)
    Orc: D:9-12

Altars:
Dithmenos
Fedhas
Gozag
Hepliaklqana
Nemelex Xobeh
Okawaru
Qazlal
Ru
Uskayaw
Vehumet
Wu Jian
Yredelemnul

Shops:
D:6 :   D:8 (


Innate Abilities, Weirdness & Mutations

You are resistant to torment.
Your stone body is resilient. (AC +8)
You are immune to poison.
You resist negative energy. (rN+)
You are resistant to electric shocks. (rElec)
You can survive without breathing.
You are immune to petrification.
You are immune to rotting.


Message History

You are too injured to fight recklessly!
You are too injured to fight recklessly!
You are too injured to fight recklessly!
You are too injured to fight recklessly!
You are too injured to fight recklessly!
You are too injured to fight recklessly!
You are too injured to fight recklessly!
You are too injured to fight recklessly!
You are too injured to fight recklessly!
You are too injured to fight recklessly!
You are too injured to fight recklessly!
You sock the orc warrior!
The orc warrior is almost dead.
You block the orc warrior's attack.
You closely miss the orc warrior.
The orc warrior is almost dead.
You block the orc warrior's attack.
The orc warrior hits you from afar with a +0 glaive!!
Ouch! That really hurt!
You die...

.........(##.......##
.........##..#'#'#..##
.......((#..##)#)##..#
.......(##.#########.#
.......(##.')#?.|#)'.#
.......(##.###.8.###.# ..
.......(##.')#.oo#)(.# ...
.......(##.####'####(# ....
........(#..##∩@o##(.##....
.........##..#)''##(.......
..........##.....##........
..≈≈≈≈≈...(##....##(....≈≈≈
.≈≈#o#≈≈...(#######(...≈≈#o
.≈##.o#≈.....(.........≈#∩.
.≈..^oo≈...............≈o.^
##.##≈...............≈##.
#.#≈≈...............≈≈#


You could see 3 orc warriors.

Vanquished Creatures
  A centaur warrior (D:9)
  An orc knight (Bailey)
  A hornet (D:9)
  A hippogriff (D:10)
  14 yaks
  A wraith (D:9)
  3 basilisks (D:9)
  A hungry ghost (D:9)
  Menkaure (D:5)
  Edmund (D:5)
  2 porcupines (D:9)
  Purgy (Sewer)
  A hornet zombie (D:5)
  9 orc warriors
  A black bear (D:6)
  3 sky beasts
  10 ogres
  2 centaurs (D:8)
  2 crocodiles
  2 big kobolds
  2 bullfrogs
  A wyvern zombie (D:7)
  A scorpion (D:9)
  6 killer bees (D:7)
  8 wights
  3 crimson imps
  2 bullfrog zombies
  2 jellies
  4 hounds
  2 bullfrog skeletons
  A gnoll shaman (D:7)
  5 orc priests
  A centaur skeleton (D:10)
  7 iguanas
  10 orc wizards
  5 worker ants
  A hound zombie (D:7)
  A hound skeleton (D:7)
  A worker ant zombie (D:7)
  10 gnolls
  15 adders
  2 river rats (D:3)
  A shadow imp (D:5)
  An ooze (D:2)
  An adder zombie (D:5)
  7 worms
  An adder skeleton (D:6)
  3 dart slugs
  3 leopard geckos
  27 orcs
  3 ball pythons (D:3)
  7 giant cockroaches
  11 goblins
  4 hobgoblins
  9 jackals
  A quokka (D:4)
  A ball python skeleton (D:5)
  10 bats
  6 frilled lizards
  19 kobolds
  A leopard gecko zombie (D:5)
  A quokka zombie (D:5)
  4 rats
269 creatures vanquished.

Notes
Turn   | Place    | Note
-------+----------+-------------------------------------------
     0 | D:1      | Delamore the Gargoyle Fighter began the quest for the Orb.
     0 | D:1      | Reached XP level 1. HP: 14/14 MP: 1/1
   261 | D:1      | Reached XP level 2. HP: 19/19 MP: 2/2
   600 | D:1      | Reached skill level 3 in Maces & Flails
   761 | D:2      | Reached XP level 3. HP: 16/23 MP: 3/3
   891 | D:2      | Found an iron altar of Okawaru.
   896 | D:2      | Became a worshipper of Warmaster Okawaru
  1095 | D:2      | Found a shadowy altar of Dithmenos.
  1102 | D:2      | Reached skill level 4 in Maces & Flails
  1126 | D:2      | Reached XP level 4. HP: 9/28 MP: 4/4
  1878 | D:3      | Reached skill level 5 in Maces & Flails
  1878 | D:3      | Reached XP level 5. HP: 27/32 MP: 5/5
  2088 | D:3      | Found an ornate altar of the Wu Jian Council.
  2128 | D:3      | Found a faded altar of an unknown god.
  2221 | D:3      | Found a glowing drain.
  2226 | Sewer    | Entered a sewer
  2563 | Sewer    | Noticed Purgy
  2571 | Sewer    | Killed Purgy
  2571 | Sewer    | Reached * piety under Okawaru
  2571 | Sewer    | Reached skill level 6 in Maces & Flails
  2571 | Sewer    | Reached XP level 6. HP: 26/37 MP: 6/6
  3400 | D:4      | Found a sparkling altar of Nemelex Xobeh.
  3401 | D:4      | Found a stormy altar of Qazlal.
  3406 | D:4      | Found a basalt altar of Yredelemnul.
  3406 | D:4      | Found a radiant altar of Vehumet.
  3411 | D:4      | Found a blossoming altar of Fedhas.
  3411 | D:4      | Found an opulent altar of Gozag.
  3412 | D:4      | Found a hazy altar of Hepliaklqana.
  3652 | D:4      | Reached skill level 7 in Maces & Flails
  3906 | D:4      | Reached XP level 7. HP: 41/41 MP: 7/7
  4212 | D:5      | Entered Level 5 of the Dungeon
  4242 | D:5      | Reached skill level 8 in Maces & Flails
  4375 | D:5      | Reached ** piety under Okawaru
  4468 | D:5      | Noticed Edmund
  4485 | D:5      | Killed Edmund
  4485 | D:5      | Reached skill level 9 in Maces & Flails
  4485 | D:5      | Reached XP level 8. HP: 45/46 MP: 6/8
  4746 | D:5      | Noticed Menkaure
  4756 | D:5      | Killed Menkaure
  4989 | D:5      | Reached skill level 10 in Maces & Flails
  5201 | D:6      | Reached *** piety under Okawaru
  5560 | D:6      | Reached skill level 11 in Maces & Flails
  5608 | D:6      | Reached XP level 9. HP: 41/51 MP: 5/9
  6025 | D:6      | Found a staircase to the Ecumenical Temple.
  6034 | D:6      | Found Tianwu's Book Emporium.
  6251 | D:7      | Reached skill level 12 in Maces & Flails
  7053 | D:7      | Found a hide-covered altar of Uskayaw.
  7120 | D:7      | Learned a level 2 spell: Song of Slaying
  7201 | D:7      | Reached **** piety under Okawaru
  7578 | D:8      | Reached skill level 5 in Shields
  7670 | D:8      | Found a sacrificial altar of Ru.
  7733 | D:8      | Reached XP level 10. HP: 31/56 MP: 6/10
  8181 | D:8      | Reached ***** piety under Okawaru
  8379 | D:8      | Found Faus's Weapon Shoppe.
  8409 | D:8      | Reached skill level 13 in Maces & Flails
  8780 | D:8      | Got a bloodstained mace
  8781 | D:8      | Identified the +4 mace "Killer Klown's Bane" {protect,
                  | SInv} (You found it on level 8 of the Dungeon)
  8888 | D:9      | Received a gift from Okawaru
  9094 | D:9      | Found a staircase to the Lair.
  9513 | D:9      | Noticed a centaur warrior
  9527 | D:9      | Killed a centaur warrior
  9527 | D:9      | Reached XP level 11. HP: 49/60 MP: 8/11
  9535 | D:9      | Reached skill level 14 in Maces & Flails
  9576 | D:9      | Reached skill level 10 in Shields
  9614 | D:10     | Entered Level 10 of the Dungeon
  9701 | D:10     | Received a gift from Okawaru
  9819 | D:10     | Found a flagged portal.
  9863 | Bailey   | Entered a bailey
 10293 | Bailey   | Noticed an orc knight
 10307 | Bailey   | Killed an orc knight
 10325 | Bailey   | Mangled by an orc warrior

Illustrated notes

Levels and vault maps discovered:
D:1:      dpeg_arrival_round_a, layout_basic
D:2:      layout_loops_cross, nicolae_dithmenos_through_a_glass_darkly,
          okawaru_metal_pillars_1_2
D:3:      layout_loops_corners, nicolae_overflow_crystal_walls,
          portal_sewer_entry_e, chequers_ecumenical_altar_simple_redux
D:4:      layout_rooms, grunt_temple_overflow_open, first_ration
D:5:      layout_rooms, kennysheep_cross_bottleneck,
          hangedman_decor_peaks_small, uniq_edmund, uniq_menkaure
D:6:      layout_gridville, minmay_temple_entry_proselytizer, serial_shops, shop
D:7:      layout_layer_cave, lemuel_coloured_pillars_altar
D:8:      layout_cave_pools, nicolae_ru_great_annihilating_truth, serial_shops,
          nicolae_shop_behind_doors
D:9:      minmay_sliced_demisemicircle, layout_basic, minmay_lair_entry_grove
D:10:     layout_rooms, enter_bailey_3
Bailey:   bailey_polearm_2, bailey

Skill      XL: |  1  2  3  4  5  6  7  8  9 10 11 |
---------------+----------------------------------+-----
Maces & Flails | 3 4 5 6 7 9 11 12 13 14 | 14.0
Shields        | 6 9 11 | 11.6
Fighting       | |  3.2
Armour         | |  3.2

Action                   |  1- 3 |  4- 6 |  7- 9 | 10-12 || total
-------------------------+-------+-------+-------+-------++-------
Melee: Flail             |    89 |   236 |   431 |   104 ||   860
       Mace              |       |       |       |   458 ||   458
Invok: Heroism           |       |       |       |     1 ||     1
       Finesse           |       |       |       |     1 ||     1
  Use: Scroll            |       |     9 |     4 |     4 ||    17
  Eat: Chunk             |     1 |     9 |    13 |    11 ||    34
Armor: Scale mail        |    59 |   111 |       |       ||   170
       Chain mail        |       |     8 |   208 |    55 ||   271
       Plate armour      |       |       |       |   210 ||   210
Dodge: Dodged            |    48 |    58 |    82 |    97 ||   285
Block: Kite shield       |    64 |   134 |   211 |   282 ||   691
